 Dungeon Crawl Stone Soup version 0.31.0-12-g77e489cdc1 (webtiles) character file.

Game seed: 15277764541037623780

44 Gadfly the Insei (level 3, -2/29 HPs)
             Began as a Demonspawn Monk on Feb 11, 2024.
             Slain by a ribbon worm (7 damage)
             ... on level 2 of the Dungeon.
             The game lasted 00:02:12 (992 turns).

Gadfly the Insei (Demonspawn Monk)                   Turns: 992, Time: 00:02:13

Health: -2/29      AC:  4    Str: 13    XL:     3   Next: 39%
Magic:  3/3        EV: 13    Int: 10    God:
Gold:   38         SH:  0    Dex: 15    Spells: 2/2 levels left

rFire   . .          .
                       - Unarmed
rCold   . . .        c - orb {light}
rNeg    . . .        a - +0 robe
rPois   .            (no helmet)
rElec   .            g - +1 cloak
rCorr   .            (no gloves)
SInv    .            (no boots)
Will    .....        (no amulet)
Stlth   +            (no ring)
HPRegen 0.24/turn    (no ring)
MPRegen 0.08/turn

%: no passive effects
@: glowing
A: weakness stinger 1
a: no special abilities


You were on level 2 of the Dungeon.
You visited 1 branch of the dungeon, and saw 2 of its levels.

You collected 38 gold pieces.

Inventory:

Armour
 a - a +0 robe (worn)
 c - an orb of light (worn)
 g - a +1 cloak (worn)
Talismans
 h - a flux talisman
Scrolls
 d - a scroll of amnesia {unknown}
Potions
 b - a potion of ambrosia
 j - 2 potions of brilliance {unknown}
 k - 2 potions of mutation


   Skills:
 - Level 3.0 Fighting
 + Level 3.0 Dodging
 * Level 3.1 Unarmed Combat
 * Level 1.3 Evocations
 * Level 1.1 Shapeshifting


You had 2 spell levels left.
You didn't know any spells.
Your spell library was empty.

Dungeon Overview and Level Annotations

Branches:
Dungeon (2/15)

Altars:


Innate Abilities, Weirdness & Mutations

You have a small tail.


Message History

Things that are here:
a ball python corpse; an adder corpse You are confused.
You feel invigorated.
You feel sick.
You bump into the rock wall.
You feel sick.
The ribbon worm bites you but does no damage.
A hobgoblin comes into view.
You feel less invigorated.
You feel less confused.
You feel sick.
The ribbon worm expels a string of sticky webbing.
The stream of webbing hits you but does no damage.
You are caught in a web!
There is a web here.
The web tears apart.
You feel sick.
You hit the ribbon worm but do no damage.
You feel sick.
You are no longer poisoned.
You hit the ribbon worm but do no damage.
The ribbon worm closely misses you.
You hit the ribbon worm.
The ribbon worm is moderately wounded.
The ribbon worm bites you!
* * * LOW HITPOINT WARNING * * *
The hobgoblin barely misses you.
You hit the ribbon worm.
The ribbon worm is heavily wounded.
You hit the ribbon worm but do no damage.
The ribbon worm is heavily wounded.
The hobgoblin barely misses you. The ribbon worm closely misses you.
You hit the ribbon worm.
The ribbon worm is severely wounded.
The hobgoblin hits you.
* * * LOW HITPOINT WARNING * * *
The ribbon worm expels a string of sticky webbing.
The stream of webbing hits you but does no damage.
You are caught in a web!
The web tears apart.
The hobgoblin completely misses you. The ribbon worm bites you!
You die...

##. #.# ... #.# ###.# ## #.#
#### #... #. #.#
...###.########..##########.#
.............<#.............#
...##.#########.###.........#
...##.# #..#.#.#.######.##
...##.# #....@w†.# #.#
...##.# ##.#g##### #.#
####..##### #. #.#
..........# .. #.#
.###.####.# ... #.# .#...#
#(# #.## #.# ...######.# #.
#.# ..##...##†# #. #.#
>.##.#.##.# #.#


You could see a ribbon worm (catching breath) and a hobgoblin.

Vanquished Creatures
  An adder (D:2)
  A dart slug (D:1)
  An endoplasm (D:1)
  A giant cockroach (D:1)
  2 goblins
  4 hobgoblins (D:1)
  5 jackals (D:1)
  2 kobolds
  2 quokkas (D:1)
  3 ball pythons
  4 bats
  2 rats (D:1)
28 creatures vanquished.

Notes
Turn   | Place    | Note
-------+----------+-------------------------------------------
     0 | D:1      | Gadfly the Demonspawn Monk began the quest for the Orb.
     0 | D:1      | Reached XP level 1. HP: 18/18 MP: 1/1
   170 | D:1      | Gained mutation: You have a small tail. [demonic ancestry]
   170 | D:1      | Reached XP level 2. HP: 22/24 MP: 2/2
   476 | D:1      | Reached skill level 1 in Evocations
   847 | D:2      | Reached XP level 3. HP: 29/29 MP: 3/3
   925 | D:2      | Reached skill level 1 in Shapeshifting
   992 | D:2      | Slain by a ribbon worm

Illustrated notes

Levels and vault maps discovered:
D:1:      tarquinn_simple_flora_water_e, layout_loops_ring, minmay_surrounded
D:2:      layout_basic

Skill      XL: |  1  2  3 |
---------------+----------+-----
Unarmed Combat | 3 |  3.1
Evocations     | 1 |  1.3
Shapeshifting  | 1 |  1.1
Dodging        | 3 |  3.0
Fighting       | |  3.0

Action                     || total
---------------------------++-------
  Melee: Unarmed           ||    91
         Tailslap          ||     9
    Use: Scroll            ||     6
         Potion            ||     1
 Armour: Robe              ||    39
  Dodge: Dodged            ||    59
